Map: Dusty Gorge

Players

MagikToss

  • Race: Terran Terran
  • League: Diamond
  • Spawn Location: 9:00

Zyris

  • Race: Protoss Protoss
  • League: Platinum
  • Spawn Location: 11:00

ILIEKEGGPIE

  • Race: Protoss Protoss
  • Spawn Location: 3:00

BizMac

  • Race: Zerg Zerg
  • Spawn Location: 5:00

VOD

Have the link to the VOD?

Description

Time

  • Played on: March 16, 2018, 4:49 p.m.
  • Length: 19:02
Show
View Real Time Build Order
Export as new Build Order

MagikToss Terran 

Build Orders: Mech 

Get SALT Encoding   

  12  0:01  SCV  
  13  0:13  SCV  
  14  0:21  Supply Depot  
  14  0:25  SCV  
  15  0:43  SCV  
  15  0:44  Barracks  
  15  0:49  Refinery  
  16  0:55  SCV  
  17  1:07  SCV  
  18  1:19  SCV  
  19  1:35  Orbital Command  
  19  1:37  Barracks Reactor  
  19  1:46  Command Center  
  19  1:53  Refinery  
  19  2:03  Supply Depot, SCV  
  20  2:22  Factory  
  20  2:26  SCV, Barracks Tech Lab  
  21  2:38  SCV  
  22  2:50  SCV  
  22  2:51  Factory  
  23  2:52  Barracks Tech Lab  
  21  3:17  Hellion x2  
  21  3:22  SCV  
  21  3:34  SCV  
  21  3:39  Barracks Tech Lab  
  22  3:46  SCV  
  22  3:47  Supply Depot  
  23  3:59  SCV  
  25  4:03  Orbital Command  
  24  4:11  SCV  
  24  4:13  Hellion  
  27  4:19  Factory  
  27  4:23  SCV  
  28  4:29  Hellion  
  30  4:35  SCV  
  30  4:36  Hellion  
  33  4:44  SCV  
  34  4:47  SCV  
  35  4:56  SCV  
  36  5:04  Siege Tank  
  36  5:05  Siege Tank  
  36  5:10  SCV x2  
  36  5:20  Hellion x2  
  40  5:22  SCV x2  
  40  5:23  Factory  
  42  5:33  Refinery  
  42  5:34  SCV x2  
  42  5:35  Refinery  
  44  5:46  SCV x2  
  46  5:58  SCV  
  46  5:59  SCV  
  46  6:16  Siege Tank x2  
  52  6:23  SCV  
  53  6:30  Engineering Bay  
  53  6:34  Supply Depot  
  53  6:35  SCV  
  53  6:36  Supply Depot, SCV  
  53  6:39  Hellion x2  
  59  6:41  Siege Tank  
  62  6:56  SCV x2  
  64  7:01  Siege Tank  
  64  7:03  Hellion x2  
  64  7:08  SCV  
  72  7:09  SCV  
  73  7:19  Supply Depot, Missile Turret  
  73  7:20  SCV  
  73  7:21  Supply Depot, SCV  
  75  7:30  Hellion  
  75  7:36  Hellion  
  76  7:40  Starport  
  76  7:42  Supply Depot  
  73  7:44  Supply Depot  
  73  7:48  Siege Tank x3  
  79  7:51  Hellion  
  79  7:58  Hellion  
  83  8:08  SCV x2  
  85  8:20  Siege Tank x2, SCV  
  92  8:32  Starport Reactor  
  92  8:34  Command Center  
  92  8:35  Siege Tank  
  95  8:48  Armory  
  95  8:50  Supply Depot  
  95  8:51  Armory  
  95  8:52  Siege Tank  
  95  8:54  Supply Depot  
  98  9:08  Viking x2  
  102  9:19  Hellion x2, Siege Tank  
  102  9:23  Siege Tank  
  112  9:44  Viking x2  
  116  10:05  Siege Tank x2  
  122  10:35  Siege Tank  
  99  10:37  Siege Tank  
  99  10:38  Siege Tank  
  99  10:41  Orbital Command  
  105  10:43  SCV x2  
  107  10:52  Viking x2  
  107  10:55  SCV x2  
  110  11:07  SCV x2  
  110  11:10  Siege Tank  
  109  11:19  SCV  
  109  11:20  SCV  
  109  11:25  Viking x2  
  115  11:31  SCV  
  115  11:32  SCV  
  117  11:39  Siege Tank x2  
  103  11:58  Siege Tank  
  103  12:05  Viking x2  
  102  12:35  Viking x2  
  106  12:41  SCV x3  
  106  12:43  Refinery x2  
  109  12:51  Command Center  
  109  12:53  SCV x2  
  111  13:04  Viking  
  111  13:05  Viking  
  106  13:11  Siege Tank x3  
  102  13:49  Siege Tank x3  
  111  14:00  Terran Vehicle Weapons Level 1, Terran Vehicle And Ship Armor Level 1  
  90  14:21  Siege Tank x2  
  96  14:26  Factory Tech Lab  
  80  14:34  Siege Tank  
  83  14:53  Siege Tank  
  83  14:59  Siege Tank  
  89  15:02  Siege Tank  
  89  15:06  Siege Tank  
  76  15:25  Siege Tank  
  79  15:29  Viking  
  79  15:31  Siege Tank  
  81  15:49  Orbital Command  
  81  15:51  SCV  
  81  15:52  SCV x2  
  83  16:03  Siege Tank x3, SCV  
  83  16:04  SCV x2  
  95  16:15  SCV  
  95  16:16  SCV x2  
  97  16:26  Siege Tank  
  97  16:27  SCV  
  97  16:28  SCV x2  
  103  16:35  SCV, Siege Tank x2  
  103  16:39  SCV  
  111  16:40  Refinery, SCV x2  
  111  16:41  Refinery  
  113  16:47  SCV  
  113  16:52  SCV, Viking x2  
  119  16:58  SCV  
  119  16:59  SCV x2  
  122  17:04  SCV  
  123  17:10  SCV  
  123  17:11  SCV x2, Siege Tank x2  
  132  17:30  Siege Tank x2  
  138  17:41  Viking  
  138  17:42  Viking  
  139  18:01  Siege Tank x2  
  112  18:25  Siege Tank  
  112  18:26  Siege Tank  
  118  18:39  Command Center  
Show
View Real Time Build Order
Export as new Build Order

Zyris Protoss 

Build Orders:  

Get SALT Encoding   

  12  0:01  Probe  
  13  0:13  Probe  
  14  0:24  Pylon  
  14  0:25  Probe  
  15  0:42  Probe  
  16  0:50  Gateway  
  16  0:54  Probe (Chrono Boost)  
  16  0:56  Assimilator  
  18  1:05  Probe (Chrono Boost)  
  18  1:10  Probe (Chrono Boost)  
  19  1:20  Probe  
  20  1:47  Cybernetics Core  
  20  1:48  Pylon  
  20  2:00  Nexus  
  20  2:01  Probe  
  21  2:13  Gateway  
  21  2:15  Probe  
  21  2:18  Assimilator  
  21  2:27  Probe  
  21  2:29  Warp Gate  
  22  2:31  Adept  
  22  2:35  Shield Battery  
  24  2:45  Probe  
  25  2:53  Robotics Facility  
  25  3:01  Adept (Chrono Boost)  
  29  3:11  Pylon  
  29  3:12  Adept (Chrono Boost), Probe  
  30  3:29  Adept (Chrono Boost)  
  30  3:38  Probe x2 (Chrono Boost)  
  31  3:42  Stalker (Chrono Boost)  
  26  4:03  Probe x2  
  26  4:07  Observer  
  30  4:17  Probe  
  30  4:31  Probe x2  
  32  4:36  Gateway  
  32  4:40  Stalker, Pylon  
  34  4:46  Probe x2 (Chrono Boost)  
  36  4:56  Probe x2 (Chrono Boost)  
  36  4:59  Forge  
  38  5:01  Probe (Chrono Boost)  
  39  5:08  Stalker  
  41  5:24  Stalker  
  41  5:33  Stalker x2  
  41  5:34  Probe x2  
  47  5:50  Probe x2  
  47  5:54  Pylon  
  49  5:58  Stalker  
  49  5:59  Stalker  
  53  6:04  Probe x2  
  53  6:10  Assimilator  
  55  6:11  Stalker  
  57  6:25  Probe x2  
  59  6:30  Photon Cannon  
  59  6:33  Stalker, Pylon  
  59  6:34  Stalker  
  59  6:36  Stalker  
  65  6:41  Gateway  
  65  6:45  Gateway  
  65  6:50  Probe x2  
  67  6:56  Assimilator  
  67  7:04  Photon Cannon  
  67  7:05  Probe x2  
  69  7:16  Protoss Ground Weapons Level 1 (Chrono Boost)  
  69  7:26  Twilight Council  
  69  7:29  Probe x2  
  71  7:33  Stalker  
  71  7:34  Stalker x2  
  77  8:04  Blink (Chrono Boost)  
  77  8:09  Pylon  
  77  8:14  Pylon  
  77  8:18  Templar Archives, Pylon, Probe  
  78  8:27  Probe  
  79  8:36  Nexus  
  79  8:41  Stalker x2, Pylon  
  79  8:42  Stalker x3  
  79  8:44  Pylon  
  89  9:04  Protoss Ground Weapons Level 2  
  89  9:06  Stalker x2  
  89  9:07  Stalker x3  
  99  9:31  Assimilator  
  99  9:37  Probe x2  
  101  9:45  Stalker x4  
  109  9:52  Pylon  
  109  9:57  Pylon  
  105  10:17  Probe x2  
  105  10:18  Probe  
  108  10:24  Assimilator  
  108  10:27  Robotics Bay  
  108  10:29  Stalker  
  108  10:30  Stalker x4, Gateway  
  108  10:32  Gateway  
  118  10:41  Robotics Facility  
  118  10:56  Pylon  
  118  11:18  Protoss Ground Weapons Level 3 (Chrono Boost)  
  118  11:25  Probe x3  
  121  11:34  Stalker  
  121  11:35  Stalker x4  
  85  12:17  Stalker x5  
  78  12:35  Disruptor x2 (Chrono Boost)  
  82  13:01  Stalker  
  82  13:02  Stalker x5  
  82  13:03  Stalker  
  94  13:22  Immortal (Chrono Boost)  
  94  13:23  Immortal (Chrono Boost)  
  102  13:33  Stalker x6  
  102  13:34  Stalker  
  114  13:36  Probe x3  
  115  14:03  Nexus  
  115  14:05  Pylon  
  115  14:06  Pylon  
  115  14:14  Stalker x2  
  115  14:15  Stalker x5  
  129  14:17  Protoss Ground Armor Level 1 (Chrono Boost)  
  129  14:20  Charge (Chrono Boost)  
  104  14:40  Stalker x4  
  107  14:46  Stalker x2  
  107  14:52  Stalker  
  113  14:54  Probe x3  
  108  15:06  Probe x3  
  98  15:38  Probe x3  
  98  15:39  Probe  
  92  15:55  Stalker  
  92  15:56  Stalker x6  
  102  16:04  Assimilator  
  102  16:08  Assimilator  
  94  16:30  Zealot x4  
  94  16:31  Zealot x3  
  108  16:35  Gateway  
  108  16:36  Gateway  
  106  16:40  Gateway  
  102  16:51  Disruptor x2 (Chrono Boost)  
  106  17:17  Stalker x6  
  106  17:18  Stalker  
  112  17:40  Zealot  
  112  17:41  Zealot x6  
  126  17:59  Photon Cannon  
  126  18:00  Photon Cannon  
  126  18:04  Photon Cannon  
  124  18:06  Photon Cannon  
  108  18:18  Zealot x3  
  108  18:19  Zealot x4  
Show
View Real Time Build Order
Export as new Build Order

ILIEKEGGPIE Protoss 

Build Orders: Oracle Opening 

Get SALT Encoding   

  12  0:00  Probe  
  13  0:12  Probe  
  14  0:19  Pylon  
  14  0:25  Probe  
  15  0:37  Probe  
  15  0:39  Assimilator  
  16  0:45  Gateway  
  16  0:54  Pylon, Probe  
  17  1:00  Assimilator  
  17  1:05  Assimilator  
  17  1:11  Probe  
  18  1:27  Probe  
  19  1:34  Cybernetics Core  
  19  1:39  Probe  
  20  1:51  Probe  
  21  2:03  Probe  
  22  2:09  Warp Gate (Chrono Boost)  
  22  2:12  Stargate  
  23  2:22  Probe  
  23  2:26  Stalker  
  25  2:34  Gateway  
  25  2:42  Probe  
  26  2:57  Oracle (Chrono Boost)  
  26  3:01  Pylon  
  29  3:24  Void Ray (Chrono Boost), Nexus  
  33  3:33  Probe  
  34  3:39  Pylon  
  34  4:01  Void Ray (Chrono Boost)  
  38  4:25  Stalker x2  
  42  4:35  Oracle (Chrono Boost)  
  42  4:37  Pylon  
  45  4:59  Gateway  
  45  5:00  Gateway  
  45  5:14  Stalker x2  
  45  5:29  Probe x2  
  50  5:36  Void Ray (Chrono Boost)  
  50  5:41  Probe  
  52  5:50  Probe  
  52  5:53  Probe  
  54  6:02  Probe  
  55  6:05  Probe  
  56  6:14  Probe  
  56  6:16  Void Ray (Chrono Boost)  
  61  6:26  Assimilator  
  61  6:31  Assimilator, Pylon  
  61  6:33  Pylon  
  61  6:36  Pylon  
  61  6:43  Pylon  
  61  6:49  Void Ray (Chrono Boost)  
  65  7:09  Probe (Chrono Boost)  
  65  7:14  Probe (Chrono Boost)  
  67  7:17  Stargate  
  67  7:18  Probe (Chrono Boost)  
  67  7:19  Stargate  
  67  7:22  Probe (Chrono Boost)  
  69  7:40  Void Ray (Chrono Boost)  
  73  7:47  Stargate  
  73  7:48  Probe (Chrono Boost)  
  75  7:53  Probe (Chrono Boost)  
  75  7:57  Probe (Chrono Boost)  
  76  8:01  Void Ray, Probe (Chrono Boost)  
  76  8:02  Probe (Chrono Boost)  
  79  8:12  Probe  
  80  8:14  Probe  
  81  8:24  Probe  
  81  8:26  Probe  
  83  8:28  Nexus  
  83  8:36  Probe  
  83  8:38  Probe  
  85  8:47  Pylon  
  85  8:48  Probe  
  86  8:50  Probe  
  87  9:00  Probe  
  89  9:02  Probe  
  89  9:04  Void Ray (Chrono Boost)  
  89  9:05  Void Ray (Chrono Boost)  
  101  9:12  Probe  
  101  9:15  Void Ray (Chrono Boost), Probe  
  107  9:19  Void Ray (Chrono Boost)  
  107  9:21  Assimilator  
  107  9:27  Assimilator  
  107  9:30  Probe  
  107  9:31  Probe  
  113  9:46  Probe x2  
  113  9:47  Void Ray (Chrono Boost)  
  115  9:53  Probe  
  115  9:58  Probe  
  104  10:09  Void Ray x2 (Chrono Boost)  
  116  10:22  Void Ray (Chrono Boost)  
  114  10:43  Void Ray (Chrono Boost)  
  114  11:28  Pylon  
  114  11:30  Pylon  
  114  11:31  Gateway  
  115  11:32  Probe  
  115  11:36  Gateway  
  115  11:38  Gateway  
  115  11:45  Void Ray (Chrono Boost)  
  123  11:48  Void Ray (Chrono Boost)  
  123  11:50  Void Ray (Chrono Boost)  
  123  11:52  Void Ray (Chrono Boost)  
  117  11:59  Stalker  
  117  12:00  Stalker x3  
  72  12:26  Oracle (Chrono Boost)  
  77  12:46  Void Ray (Chrono Boost)  
  77  13:00  Void Ray  
  76  13:19  Void Ray  
  14  15:16  Nexus  
  14  15:19  Pylon  
  14  15:20  Pylon  
  7  16:06  Pylon  
  7  16:07  Pylon  
Show
View Real Time Build Order
Export as new Build Order

BizMac Zerg 

Build Orders: Pool First 

Get SALT Encoding   

  12  0:01  Drone  
  13  0:12  Drone  
  14  0:17  Overlord  
  14  0:36  Drone x3  
  17  0:48  Extractor  
  16  0:50  Spawning Pool  
  16  0:53  Drone  
  16  1:02  Drone  
  17  1:23  Hatchery  
  16  1:28  Drone x2  
  18  1:39  Queen  
  20  1:48  Overlord  
  20  1:51  Zergling x2  
  20  1:53  Zergling x2  
  22  1:59  Metabolic Boost  
  22  2:19  Zergling x4  
  24  2:32  Drone  
  24  2:35  Queen  
  27  2:40  Drone  
  26  3:33  Drone x6  
  26  3:34  Drone x2  
  32  3:39  Extractor  
  32  3:41  Queen  
  33  3:43  Lair  
  33  3:49  Baneling Nest  
  33  3:52  Overlord x2  
  32  4:03  Hatchery  
  32  4:05  Zergling x8  
  32  4:06  Zergling x2  
  36  4:11  Drone x2  
  36  4:15  Drone x2  
  40  4:32  Queen  
  42  4:39  Roach Warren  
  41  4:54  Drone x2  
  41  4:55  Drone x3  
  45  5:23  Drone x10  
  45  5:24  Drone, Queen  
  58  5:41  Spore Crawler  
  57  5:43  Overlord x3  
  57  5:46  Extractor  
  57  5:48  Extractor  
  55  6:01  Hydralisk Den  
  54  6:05  Drone x3  
  54  6:06  Evolution Chamber  
  54  6:07  Evolution Chamber  
  55  6:17  Drone x2  
  55  6:18  Drone  
  58  6:19  Glial Reconstitution  
  58  6:20  Centrifical Hooks  
  58  6:22  Zergling x8  
  62  6:27  Drone x2, Extractor  
  62  6:28  Drone, Extractor  
  63  6:35  Drone x3  
  66  6:54  Grooved Spines  
  66  6:58  Drone  
  66  6:59  Drone  
  68  7:02  Hatchery  
  68  7:04  Drone x3  
  66  7:29  Zerg Ground Armor Level 1, Zerg Missile Weapons Level 1  
  66  7:50  Drone  
  66  7:51  Drone x2  
  69  7:56  Hydralisk  
  69  7:57  Hydralisk x5  
  81  7:59  Overlord x6  
  81  8:02  Drone  
  81  8:05  Muscular Augments  
  82  8:15  Hatchery  
  82  8:16  Zergling x14  
  88  8:20  Overseer x2  
  88  8:45  Baneling x3  
  88  8:46  Baneling x5  
  88  8:48  Hydralisk x2  
  90  8:49  Hydralisk x3  
  90  8:50  Roach x3  
  90  8:51  Roach x6  
  116  8:57  Drone  
  117  9:05  Drone x4  
  121  9:24  Drone x2  
  123  9:25  Hydralisk  
  123  9:26  Hydralisk x8  
  123  9:30  Zerg Ground Armor Level 2, Zerg Missile Weapons Level 2, Extractor  
  140  9:35  Extractor  
  140  9:37  Roach  
  141  9:39  Overlord x2  
  141  9:40  Overlord  
  135  10:20  Drone  
  133  10:38  Hydralisk x5  
  133  10:39  Hydralisk x3  
  133  10:40  Roach x8  
  165  10:53  Spore Crawler, Overlord  
  165  10:54  Overlord x3, Infestation Pit  
  163  11:00  Roach  
  142  11:22  Hydralisk  
  142  11:23  Hydralisk x19  
  99  12:33  Roach x10  
  99  12:34  Roach x5  
  123  12:49  Overseer x2  
  123  12:51  Pneumatized Carapace  
  123  12:53  Zergling x2  
  123  12:54  Zergling x8  
  88  13:14  Hydralisk  
  88  13:15  Hydralisk x9  
  100  13:33  Hydralisk x10  
  100  13:34  Hydralisk x2  
  108  13:40  Hive  
  120  14:17  Hydralisk x6  
  120  14:18  Hydralisk x13  
  123  15:01  Roach x3  
  123  15:02  Roach x12  
  121  15:26  Hydralisk  
  121  15:27  Hydralisk x9  
  119  15:34  Hydralisk x2  
  119  15:35  Hydralisk x3  
  125  15:55  Roach  
  125  15:56  Roach x9  
  111  16:35  Roach x7, Hydralisk x7  
  111  16:36  Hydralisk x4  
  145  16:47  Hydralisk x2  
  145  16:48  Roach  
  149  17:35  Roach x5  
  149  17:36  Roach x3, Zergling x6  
  81  18:12  Hydralisk  
  81  18:13  Hydralisk x10  
Tags
 
Add a new tag
Caveats
  • Supply blocks, unpowered buildings, or Contaminate may cause inaccurate times.
  • Supply counts are checked every 10 seconds.